AoeStats
← El loco

Fortress

510835153Analyzed
1v1 RM · 15d ago on Oct 2, 2026· 46m 15s· 2 players
Game mode
Random Map
Map size
Small (3 player)
Population
200
Speed
Normal
Resources
Standard
Victory
Conquest
Starting age
Dark Age
Ending age
Imperial Age
RankedLock teamsTeams togetherTeam positionsShared explorationLock speedFull tech treeHidden civsTurbo modeCheats
Victory
Defeat
🇦🇷 Byzantines · Argentina
1208
+16
vs
🇩🇪 Britons · Germany
1209
-16
El loco
7:33 Feudal Age
9:12 Loom
9:18 Loom
11:53 Castle Age
10:01 Horse Collar
10:25 Double-Bit Axe
11:32 Gold Mining
13:01 Fletching
13:34 Bow Saw
17:26 Fervor
18:26 Sanctity
19:40 Gold Shaft Mining
18:55 Stone Mining
23:14 Imperial Age
22:13 Wheelbarrow
23:01 Heavy Plow
23:18 Crossbowman
23:56 Bodkin Arrow
24:02 Padded Archer Armor
24:27 Conscription
23:43 Elite Skirmisher
25:44 Leather Archer Armor
25:30 Bracer
27:19 Crop Rotation
28:25 Hand Cart
27:39 Arbalester
29:51 Ring Archer Armor
29:30 Scale Barding Armor
30:04 Ballistics
31:44 Two-Man Saw
30:57 Forging
32:25 Chemistry
31:19 Light Cavalry
32:02 Husbandry
33:42 Murder Holes
33:27 Treadmill Crane
36:06 Thumb Ring
37:20 Scale Mail Armor
37:56 Iron Casting
37:41 Chain Barding Armor
38:22 Cavalier
45:19 Elite Cataphract
46:34 Hoardings
Thagino
7:54 Feudal Age
9:09 Double-Bit Axe
11:42 Castle Age
10:02 Horse Collar
13:19 Bow Saw
13:51 Wheelbarrow
23:39 Imperial Age
21:28 Padded Archer Armor
22:00 Fletching
22:25 Leather Archer Armor
22:55 Bodkin Arrow
22:59 Crossbowman
23:59 Pikeman
24:39 Squires
25:05 Forging
24:55 Scale Mail Armor
26:22 Ballistics
26:44 Halberdier
28:20 Chain Mail Armor
28:33 Bracer
29:30 Conscription
30:05 Hand Cart
29:36 Loom
29:36 Town Watch
31:07 Elite Skirmisher
34:18 Husbandry
35:07 Warwolf
35:49 Arbalester
37:04 Cavalier
42:30 Arson
43:30 Murder Holes
44:41 Chemistry
44:40 Light Cavalry
Connection lost

Rejoining the realm…

Still unreachable

The connection could not be restored.

Session expired

The server has moved on; the page needs a fresh start.